Map: Oceanborn LE

Players

SubN - Winner!

  • Race: Zerg Zerg
  • League: Diamond
  • Spawn Location: 5:00

GingerNinja

  • Race: Protoss Protoss
  • League: Diamond
  • Spawn Location: 11:00

VOD

Have the link to the VOD?

Description

Time

  • Played on: Jan. 20, 2024, 3:39 p.m.
  • Length: 5:26
Show
View Real Time Build Order
Export as new Build Order

SubN Zerg - Winner!

Build Orders: Hatch First 

Get SALT Encoding   

  12  0:00  Drone  
  13  0:12  Overlord  
  13  0:16  Drone  
  14  0:30  Drone x2  
  16  0:51  Drone  
  16  0:52  Hatchery  
  16  0:55  Drone  
  17  1:04  Extractor  
  17  1:10  Spawning Pool  
  15  1:13  Drone  
  15  1:17  Drone  
  17  1:28  Drone  
  18  1:38  Drone  
  19  1:52  Overlord  
  19  1:57  Queen  
  19  2:00  Zergling x2  
  22  2:03  Queen  
  24  2:08  Drone  
  24  2:12  Drone  
  26  2:17  Drone  
  26  2:21  Drone  
  28  2:25  Drone  
  29  2:37  Drone x2  
  29  2:41  Queen  
  33  2:46  Lair  
  33  2:55  Hatchery  
  32  3:01  Zergling x6  
  32  3:02  Zergling x2  
  36  3:06  Metabolic Boost  
  36  3:11  Overlord  
  36  3:16  Overlord  
  36  3:28  Queen  
  36  3:29  Zergling x4  
  40  3:35  Overlord  
  40  3:36  Zergling x2  
  40  3:37  Zergling x2  
  40  3:39  Zergling x2  
  43  3:42  Zergling x2  
  42  3:58  Zergling x2  
  42  3:59  Zergling x12  
  48  4:06  Queen  
  48  4:09  Overlord  
  50  4:17  Spine Crawler  
  50  4:22  Spine Crawler  
  48  4:37  Zergling x14  
  49  4:44  Zergling x6  
  43  4:52  Zergling x2  
  44  4:53  Zergling x4  
Show
View Real Time Build Order
Export as new Build Order

GingerNinja Protoss 

Build Orders:  

Get SALT Encoding   

  12  0:00  Probe (Chrono Boost)  
  13  0:10  Probe (Chrono Boost)  
  14  0:17  Pylon  
  14  0:21  Probe  
  15  0:35  Probe  
  16  0:38  Gateway  
  16  0:47  Probe, Assimilator  
  17  1:00  Probe  
  18  1:12  Probe  
  19  1:24  Probe  
  20  1:26  Cybernetics Core  
  20  1:28  Gateway, Zealot  
  22  1:36  Pylon  
  22  1:39  Pylon  
  22  2:02  Warp Gate (Chrono Boost)  
  22  2:05  Stalker  
  24  2:17  Gateway  
  24  2:19  Gateway  
  24  2:21  Gateway  
  24  2:24  Zealot  
  26  2:43  Pylon  
  26  2:46  Zealot  
  28  2:54  Stalker  
  30  3:39  Stalker x2  
  30  3:40  Stalker, Zealot  
  38  3:45  Pylon  
  38  3:48  Pylon  
  34  4:09  Stalker x2  
  38  4:10  Zealot x3  
  32  4:48  Stalker  
  34  4:58  Zealot x4  
  29  5:18  Stalker  
  29  5:19  Zealot x2  
  29  5:20  Zealot  
Tags
 
Add a new tag
Caveats
  • Supply blocks, unpowered buildings, or Contaminate may cause inaccurate times.
  • Supply counts are checked every 10 seconds.